AoeStats
← Dud de la 205

Arena

507277510Analyzed
1v1 RM · 15d ago on Sep 17, 2026· 44m 14s· 2 players
Game mode
Random Map
Map size
Tiny (2 player)
Population
200
Speed
Normal
Resources
Standard
Victory
Conquest
Starting age
Dark Age
Ending age
Imperial Age
RankedLock teamsTeams togetherTeam positionsShared explorationLock speedFull tech treeHidden civsTurbo modeCheats
Victory
Defeat
673
+18
🇫🇷 Malians · France
715
-38
抚远将军年羹尧
9:05 Loom
10:53 Feudal Age
11:26 Double-Bit Axe
16:48 Castle Age
15:24 Horse Collar
18:14 Bow Saw
18:41 Fervor
18:39 Heavy Plow
19:59 Gold Mining
22:28 Wheelbarrow
28:17 Fletching
28:51 Ballistics
28:27 Murder Holes
31:05 Imperial Age
28:42 Treadmill Crane
28:48 Pikeman
29:29 Squires
30:14 Masonry
30:52 Hand Cart
31:13 Bodkin Arrow
31:29 Forging
31:19 Scale Mail Armor
32:53 Conscription
33:09 Hoardings
33:55 Chemistry
33:12 Stone Mining
35:03 Two-Man Saw
35:49 Architecture
35:31 Thumb Ring
39:05 Stone Shaft Mining
41:09 Elite Genoese Crossbowman
43:30 Crop Rotation
45:00 Fortified Wall
Dud de la 205
13:22 Feudal Age
14:40 Double-Bit Axe
14:40 Horse Collar
20:00 Castle Age
20:36 Fletching
22:52 Bodkin Arrow
23:07 Pikeman
25:19 Town Watch
25:23 Loom
25:52 Bow Saw
30:18 Heavy Plow
31:06 Scale Barding Armor
32:42 Ballistics
33:42 Town Patrol
34:58 Wheelbarrow
37:08 Imperial Age
Connection lost

Rejoining the realm…

Still unreachable

The connection could not be restored.

Session expired

The server has moved on; the page needs a fresh start.